 Dungeon Crawl Stone Soup version 0.21-a0-91-ga5031da (webtiles) character file.

2076 HAL9000 the Slicer (level 9, 0/42 HPs)
             Began as a Vine Stalker Assassin on June 28, 2017.
             Was an Initiate of Dithmenos.
             Succumbed to a killer bee's poison
             ... on level 6 of the Dungeon.
             The game lasted 00:16:07 (7638 turns).

HAL9000 the Slicer (Vine Stalker Assassin)          Turns: 7638, Time: 00:16:08

Health: 0/42       AC:  7    Str: 15 (17) XL:     9   Next: 26%
Magic:  1/10       EV: 11    Int:  9 (11) God:    Dithmenos [......]
Gold:   356        SH:  4    Dex: 13 (16) Spells: 8/8 levels left

rFire    . . .     SeeInvis .   a - +2 dagger (venom)
rCold    . . .     Gourm    .   w - +0 buckler {AC+3}
rNeg     . . .     Faith    .   c - +0 robe
rPois    .         Spirit   +   J - +0 helmet
rElec    .         Reflect  .   d - +0 cloak
rCorr    .         Harm     .   (no gloves)
MR       +....                  (no boots)
Stlth    +++.......             (no amulet)
HPRegen  0.54/turn              (no ring)
MPRegen  0.12/turn              (no ring)

@: lethally poisoned (0 -> -17), hasted, very quick
A: fangs 3, regeneration 1, magic shield, antimagic bite, no potion heal 3, rot
immunity
a: Renounce Religion


You were on level 6 of the Dungeon.
You worshipped Dithmenos.
Dithmenos was noncommittal.
You were not hungry.

You visited 2 branches of the dungeon, and saw 8 of its levels.
You also visited: Sewer.

You collected 356 gold pieces.

Inventory:

Hand Weapons
 a - a +2 dagger of venom (weapon)
 b - a +0 blowgun
Missiles
 e - 20 poisoned needles
 f - a curare-tipped needle
 D - 6 needles of sleeping
Armour
 c - a +0 robe (worn)
 d - a +0 cloak (worn)
 w - a +0 buckler of protection (worn)
 J - a +0 helmet (worn)
Scrolls
 j - a scroll of amnesia {unknown}
 o - 2 scrolls of enchant armour {unknown}
 t - 4 scrolls of teleportation {unknown}
 v - 5 scrolls of remove curse
 y - 2 scrolls of magic mapping {unknown}
 I - 3 scrolls of blinking {unknown}
 L - a scroll of fear {unknown}
 M - 3 scrolls of enchant weapon {unknown}
 O - 2 scrolls of identify
 P - a scroll of recharging {unknown}
Potions
 l - 4 potions of berserk rage
 p - a potion of degeneration
 r - 3 potions of agility
 z - a potion of mutation {unknown}
 C - 3 potions of might
 E - 4 potions of flight
 F - 2 potions of brilliance
 H - 2 potions of curing {unknown}
Comestibles
 g - 4 bread rations
 i - 3 meat rations
 q - a fruit
 B - 4 royal jellies


   Skills:
 - Level 1.7 Fighting
 - Level 10.8 Short Blades
 - Level 1.7 Throwing
 - Level 0.7 Dodging
 - Level 4.8 Stealth
 + Level 1.2 Shields


You had 8 spell levels left.
You didn't know any spells.

Dungeon Overview and Level Annotations

Branches:
Dungeon (7/15)             Temple (1/1) D:5

Altars:
Ashenzari
Cheibriados
Dithmenos
Elyvilon
Fedhas
Gozag
Hepliaklqana
Makhleb
Nemelex Xobeh
Okawaru
Qazlal
Ru
Sif Muna
Trog
Uskayaw
Vehumet
Wu Jian
Xom
Yredelemnul
Zin

Shops:
D:4 (


Innate Abilities, Weirdness & Mutations

You have razor-sharp teeth.
Your natural rate of healing is unusually fast.
When hurt, damage is shared between your health and your magic reserves.
Your bite disrupts and absorbs the magic of your enemies.
Potions cannot restore your health.
You are immune to rotting.


Message History

The killer bee poisons you! The killer bee stings you.
* * * LOW HITPOINT WARNING * * *
The killer bee stings you.
* * * LOW HITPOINT WARNING * * *
You climb upwards.
* * * LOW HITPOINT WARNING * * *
You feel very sick.
There is a stone staircase leading down here.
It was a potion of degeneration.
There was something very wrong with that liquid.
You feel weakened.
You feel dopey.
You feel clumsy.
* * * LOW HITPOINT WARNING * * *
You feel sick. The killer bee closely misses you. The killer bee stings you.
* * * LOW HITPOINT WARNING * * *
You are more poisoned.
The killer bee poisons you! The killer bee closely misses you. x2
Unknown command.
Okay, then.
It was a potion of haste.
You feel yourself speed up.
You die...

#.##......>..#
#.########.#
#.##.#######.#
#.##.......# #.##.#
#.# ##.##.#######
#.##.#
#.#######...#.#
#....#
#.........#...#
####.#
#.#####.#...### #
#.# #.# #.##.## ##
#.#######.#####.##.#
##.
#..........y@y..##.#
####.#
######.###########.#
#....( #.#
#.#####.##.# #.#
#........... #.#
####....#### #.#
#(#### # #.# #.# #.#
#.# #.# #.#


You could see 2 killer bees.

Vanquished Creatures
  Prince Ribbit (D:5)
  Sigmund (D:2)
  Edmund (D:5)
  An ice beast (D:6)
  An orc warrior (D:6)
  A sky beast (D:6)
  A phantom (D:5)
  3 ogres (D:4)
  3 centaurs
  A big kobold (Sewer)
  A scorpion (D:4)
  A howler monkey (D:4)
  A crimson imp (D:5)
  A bullfrog skeleton (D:4)
  A jelly (D:6)
  A centaur skeleton (D:6)
  2 orc priests (D:6)
  An orc wizard (D:5)
  2 worker ants (D:4)
  3 gnolls (D:5)
  12 adders
  5 river rats (Sewer)
  4 oozes
  2 adder skeletons
  An adder zombie (D:6)
  2 worms
  A dart slug (D:4)
  3 leopard geckos
  12 orcs
  6 ball pythons
  4 giant cockroaches
  7 goblins
  6 hobgoblins
  5 jackals
  21 kobolds
  4 quokkas
  9 bats
  4 frilled lizards
  A leopard gecko skeleton (D:4)
  A leopard gecko zombie (D:6)
  23 rats
161 creatures vanquished.

Notes
Turn   | Place    | Note
-------+----------+-------------------------------------------
     0 | D:1      | HAL9000 the Vine Stalker Assassin began the quest for the Orb.
     0 | D:1      | Reached XP level 1. HP: 11/11 MP: 2/2
     2 | D:1      | Noticed a vampire
     2 | D:1      | Noticed a dwarf
     4 | D:1      | Noticed a troll
     4 | D:1      | Noticed a centaur
     6 | D:1      | Noticed a demonspawn
     6 | D:1      | Noticed a spriggan
    10 | D:1      | Noticed a merfolk
    10 | D:1      | Noticed an elf
    12 | D:1      | Noticed a halfling
    14 | D:1      | Noticed a tengu
    14 | D:1      | Noticed a ghoul
    16 | D:1      | Noticed a human
    16 | D:1      | Noticed a vine stalker
    18 | D:1      | Noticed a formicid
    20 | D:1      | Noticed a demigod
    20 | D:1      | Noticed a draconian
    22 | D:1      | Noticed a gargoyle
    22 | D:1      | Noticed a minotaur
    24 | D:1      | Noticed a felid
    24 | D:1      | Noticed an ogre
    26 | D:1      | Noticed an octopode
    26 | D:1      | Noticed a naga
    56 | D:1      | Reached skill level 2 in Short Blades
   221 | D:1      | Reached XP level 2. HP: 11/15 MP: 3/3
   893 | D:1      | Reached skill level 3 in Short Blades
   893 | D:1      | Reached XP level 3. HP: 15/18 MP: 4/4
  1690 | D:2      | Noticed Sigmund
  1706 | D:2      | Killed Sigmund
  1706 | D:2      | Reached skill level 5 in Short Blades
  1706 | D:2      | Gained mutation: Your natural rate of healing is unusually fast. [Vine Stalker growth]
  1706 | D:2      | Reached XP level 4. HP: 14/23 MP: 2/5
  1706 | D:2      | Reached XP level 5. HP: 15/26 MP: 2/6
  1963 | D:3      | Reached XP level 6. HP: 29/30 MP: 7/7
  2534 | D:3      | Found a glowing drain.
  2557 | Sewer    | Entered a sewer
  2729 | Sewer    | Reached skill level 6 in Short Blades
  2967 | Sewer    | Reached XP level 7. HP: 26/34 MP: 8/8
  3630 | D:3      | Found a shattered altar of Ashenzari.
  3680 | D:3      | Found a shimmering altar of Xom.
  3680 | D:3      | Found a sparkling altar of Nemelex Xobeh.
  3804 | D:4      | Found Bead's Antique Weapon Boutique.
  3808 | D:4      | Reached skill level 7 in Short Blades
  4470 | D:4      | Reached skill level 8 in Short Blades
  4470 | D:4      | Gained mutation: You have razor-sharp teeth. [Vine Stalker growth]
  4470 | D:4      | Reached XP level 8. HP: 38/38 MP: 9/9
  4633 | D:4      | Found a sacrificial altar of Ru.
  4836 | D:5      | Entered Level 5 of the Dungeon
  5132 | D:5      | Reached skill level 9 in Short Blades
  5449 | D:5      | Noticed Prince Ribbit
  5452 | D:5      | Killed Prince Ribbit
  6112 | D:5      | Found a staircase to the Ecumenical Temple.
  6112 | D:5      | Noticed Edmund
  6134 | D:5      | Killed Edmund
  6134 | D:5      | Reached skill level 10 in Short Blades
  6511 | D:6      | Found a stormy altar of Qazlal.
  6578 | Temple   | Entered the Ecumenical Temple
  6682 | Temple   | Became a worshipper of Dithmenos the Shadowed
  6781 | D:6      | Reached XP level 9. HP: 27/42 MP: 6/10
  7372 | D:6      | Reached skill level 1 in Shields
  7637 | D:6      | HP: 2/42 [poisoned by a killer bee]
  7638 | D:6      | Succumbed to a killer bee's poison

Vault maps used:
D:1:      kb_arrival_jail
D:2:      uniq_sigmund
D:3:      gammafunk_temple_overflow_wave, cheibrodos_sewer_entry_bend,
          ashenzari_altar_1
D:4:      nicolae_overflow_crystal_walls, serial_shops, shop, first_bread,
          nrook_mini_vaults
D:5:      minmay_temple_entry_nine_rooms, uniq_prince_ribbit1, uniq_edmund
D:6:      nicolae_qazlal_general_emergency
Temple:   lightli_temple_of_artemis
Sewer:    sewer_minmay_treatment

Skill      XL: |  1  2  3  4  5  6  7  8  9 |
---------------+----------------------------+-----
Short Blades   | 2 3 5 6 8 10 | 10.8
Shields        | 1 |  1.2
Fighting       | |  1.7
Throwing       | |  1.7
Dodging        | |  0.7
Stealth        | |  4.8

Action                   |  1- 3 |  4- 6 |  7- 9 || total
-------------------------+-------+-------+-------++-------
Melee: Dagger            |    96 |   152 |   241 ||   489
       Bite              |    18 |    34 |    78 ||   130
 Fire: Blowgun           |     2 |       |     4 ||     6
  Use: Scroll            |       |       |     8 ||     8
       Potion            |       |       |     2 ||     2
 Stab: Sleeping          |     7 |    10 |    20 ||    37
  Eat: Chunk             |     2 |     5 |    13 ||    20
       Fruit             |       |       |     1 ||     1
Armor: Robe              |    22 |    38 |    51 ||   111
Dodge: Dodged            |    63 |    73 |    65 ||   201
Block: Buckler           |       |    22 |    15 ||    37
